General information
- name: BNet
- type: Ladder team game (AT/RT)
- host: Battle.net
- saver: GodLovesYou
map: FullScaleAssault
- players: 8
- length: 28:12
- speed: Fast
- version: 1.26 W3XP
- replay type: Public
» download(194 KB)
Players
team 1 (winner)

»
DreadKnight187 (
yellow | 24 APM | 363 actions | 15:06)
1 Firelord
1 Summon Lava Spawn
1 Priestess of the Moon
1 Trueshot Aura
» actions
| Basic commands | 21 | |
| Build / train | 18 | |
| Enter build submenu | 7 | |
| Enter hero's abilities submenu | 2 | |
| Right click | 184 | |
| Select / deselect | 106 | |
| Use ability | 25 | |
363 total
» units
» buildings
| Tree of Ages | 1 | |
| Altar of Elders | 1 | |
| Moon Well | 2 | |
| Tree of Eternity | 1 | |
| Ancient of Wind | 1 | |
6 total
» build order
01:46 Tree of Ages
02:35 Altar of Elders
02:39 Moon Well
04:09 Tree of Eternity
04:47 Ancient of Wind
10:37 Moon Well
» items
| Potion of Healing | 1 | |
| Healing Salve | 1 | |
| Scroll of Town Portal | 3 | |
| Scroll of Speed | 1 | |
| Orb of Lightning | 1 | |
7 total
anthoni (
pink | 71 APM | 2003 actions | 28:12)
6 Blademaster
2 Critical Strike
3 Wind Walk
1 Bladestorm
2 Dark Ranger
1 Silence
1 Black Arrow
» actions
| Assign group hotkey | 23 | |
| Basic commands | 71 | |
| Build / train | 72 | |
| ESC pressed | 2 | |
| Enter build submenu | 20 | |
| Enter hero's abilities submenu | 8 | |
| Give item / drop item | 7 | |
| Right click | 534 | |
| Select / deselect | 350 | |
| Select group hotkey | 817 | |
| Use ability | 99 | |
2003 total
» units
| Peon | 12 | |
| Wind Rider | 6 | |
| Troll Batrider | 13 | |
| Goblin Shredder | 1 | |
| Blue Dragon | 5 | |
37 total
» upgrades
| Envenomed Spears | 1 | |
| Ranged Weapons | 3 | |
| Armor | 1 | |
| Reinforced Defenses | 1 | |
| Spiked Barricades | 1 | |
| Liquid Fire | 1 | |
8 total
» buildings
| Orc Burrow | 6 | |
| Altar of Storms | 1 | |
| Stronghold | 1 | |
| Voodoo Lounge | 2 | |
| War Mill | 1 | |
| Fortress | 1 | |
| Beastiary | 2 | |
| Great Hall | 2 | |
| Watch Tower | 18 | |
34 total
» build order
00:24 Orc Burrow
00:32 Altar of Storms
01:53 Stronghold
02:04 Voodoo Lounge
02:21 War Mill
02:52 Orc Burrow
04:17 Fortress
04:20 Beastiary
04:23 Beastiary
06:21 Orc Burrow
06:25 Orc Burrow
10:20 Orc Burrow
10:20 Orc Burrow
10:35 Voodoo Lounge
13:33 Great Hall
19:26 Watch Tower
19:28 Watch Tower
19:28 Watch Tower
19:29 Watch Tower
19:31 Watch Tower
19:31 Watch Tower
21:36 Watch Tower
21:36 Watch Tower
22:16 Watch Tower
22:16 Watch Tower
22:17 Watch Tower
26:05 Watch Tower
26:05 Watch Tower
26:07 Great Hall
26:09 Watch Tower
26:58 Watch Tower
26:58 Watch Tower
» items
| Healing Salve | 2 | |
| Potion of Healing | 3 | |
| Boots of Speed | 1 | |
| Staff of Teleportation | 1 | |
| Orb of Lightning | 1 | |
| Tiny Great Hall | 1 | |
| Scroll of Town Portal | 1 | |
| Potion of Mana | 1 | |
| Lesser Clarity Potion | 1 | |
| Scroll of Regeneration | 2 | |
| Staff of Sanctuary | 1 | |
15 total
GodLovesYou (
orange | 74 APM | 2100 actions | 28:12)
8 Blademaster
3 Wind Walk
3 Critical Strike
1 Bladestorm
1 Mirror Image
» actions
| Assign group hotkey | 187 | |
| Basic commands | 62 | |
| Build / train | 79 | |
| Enter build submenu | 44 | |
| Enter hero's abilities submenu | 8 | |
| Give item / drop item | 12 | |
| Remove unit from queue | 4 | |
| Right click | 874 | |
| Select / deselect | 349 | |
| Select group hotkey | 205 | |
| Use ability | 276 | |
2100 total
» units
| Peon | 10 | |
| Grunt | 4 | |
| Goblin Shredder | 1 | |
| Troll Batrider | 14 | |
| Tauren | 3 | |
| Shaman | -2 | |
30 total
» upgrades
| Pillage | 1 | |
| Ranged Weapons | 2 | |
| Armor | 2 | |
| Troll Regeneration | 1 | |
| Liquid Fire | 1 | |
| Reinforced Defenses | 1 | |
| Shaman Training | 2 | |
| Spirit Walker Training | 2 | |
| Pulverize | 1 | |
13 total
» buildings
| Orc Burrow | 6 | |
| Altar of Storms | 1 | |
| Barracks | 1 | |
| Voodoo Lounge | 2 | |
| Stronghold | 1 | |
| Great Hall | 4 | |
| War Mill | 1 | |
| Beastiary | 4 | |
| Watch Tower | 26 | |
| Fortress | 1 | |
| Tauren Totem | 2 | |
| Spirit Lodge | 1 | |
| Moon Well | 1 | |
51 total
» build order
00:12 Orc Burrow
00:52 Altar of Storms
00:54 Barracks
01:14 Orc Burrow
01:39 Voodoo Lounge
02:51 Stronghold
04:36 Great Hall
04:42 Great Hall
04:45 Orc Burrow
04:48 War Mill
05:46 Orc Burrow
06:19 Beastiary
06:19 Beastiary
07:28 Watch Tower
07:28 Watch Tower
07:30 Watch Tower
07:30 Watch Tower
09:05 Fortress
10:54 Watch Tower
10:54 Watch Tower
10:56 Watch Tower
10:56 Watch Tower
12:36 Beastiary
12:38 Beastiary
12:41 Watch Tower
12:41 Watch Tower
12:42 Watch Tower
12:42 Watch Tower
12:42 Watch Tower
12:51 Watch Tower
12:54 Watch Tower
19:00 Voodoo Lounge
19:05 Watch Tower
19:05 Watch Tower
19:06 Watch Tower
19:06 Watch Tower
19:07 Watch Tower
19:07 Watch Tower
19:08 Watch Tower
19:08 Watch Tower
21:06 Tauren Totem
21:08 Tauren Totem
21:10 Spirit Lodge
21:42 Moon Well
22:34 Great Hall
26:31 Great Hall
26:33 Watch Tower
26:33 Watch Tower
26:33 Watch Tower
28:09 Orc Burrow
28:11 Orc Burrow
» items
| Healing Salve | 4 | |
| Boots of Speed | 1 | |
| Staff of Teleportation | 1 | |
| Orb of Lightning | 1 | |
| Scroll of Town Portal | 3 | |
| Potion of Healing | 3 | |
| Lesser Clarity Potion | 4 | |
| Potion of Mana | 4 | |
21 total
iWannaGAGOOfast (
teal | 85 APM | 2392 actions | 28:12)
5 Mountain King
3 Storm Bolt
1 Thunder Clap
1 Bash
5 Paladin
3 Holy Light
1 Divine Shield
1 Devotion Aura
» actions
| Assign group hotkey | 5 | |
| Basic commands | 5 | |
| Build / train | 97 | |
| ESC pressed | 5 | |
| Enter build submenu | 44 | |
| Enter hero's abilities submenu | 10 | |
| Give item / drop item | 3 | |
| Remove unit from queue | 2 | |
| Right click | 1240 | |
| Select / deselect | 313 | |
| Select group hotkey | 580 | |
| Use ability | 88 | |
2392 total
» units
| Peasant | 16 | |
| Footman | 5 | |
| Flying Machine | 19 | |
| Siege Engine | 2 | |
| Mortar Team | 2 | |
44 total
» upgrades
| Defend | 1 | |
| Lumber Harvesting | 2 | |
| Gunpowder | 3 | |
| Flak Cannons | 1 | |
| Flying Machine Bombs | 1 | |
| Barrage | 1 | |
| Fragmentation Shards | 1 | |
| Flare | 1 | |
| Plating | 1 | |
12 total
» buildings
| Altar of Kings | 1 | |
| Farm | 17 | |
| Barracks | 1 | |
| Scout Tower | 10 | |
| Arcane Tower | 3 | |
| Arcane Vault | 2 | |
| Keep | 1 | |
| Town Hall | 3 | |
| Lumber Mill | 2 | |
| Blacksmith | 1 | |
| Guard Tower | 4 | |
| Workshop | 5 | |
| Castle | 1 | |
51 total
» build order
00:10 Altar of Kings
00:14 Farm
01:06 Barracks
01:21 Farm
01:48 Scout Tower
02:17 Arcane Tower
02:33 Farm
02:41 Arcane Vault
04:48 Keep
05:41 Scout Tower
05:42 Scout Tower
05:44 Scout Tower
06:20 Scout Tower
06:42 Town Hall
07:20 Lumber Mill
07:37 Arcane Tower
07:46 Scout Tower
07:47 Scout Tower
07:48 Scout Tower
07:49 Scout Tower
08:09 Blacksmith
08:30 Guard Tower
08:31 Guard Tower
08:46 Arcane Tower
08:51 Scout Tower
08:59 Arcane Vault
09:04 Farm
09:07 Guard Tower
09:35 Guard Tower
09:45 Farm
10:40 Workshop
10:41 Workshop
10:42 Workshop
10:43 Workshop
11:00 Workshop
12:15 Castle
12:36 Lumber Mill
14:12 Farm
14:13 Farm
14:13 Farm
14:14 Farm
14:18 Farm
14:18 Farm
14:19 Farm
14:20 Farm
24:55 Town Hall
25:10 Farm
25:11 Farm
25:11 Farm
25:12 Farm
25:53 Town Hall
» items
| Scroll of Regeneration | 4 | |
| Lesser Clarity Potion | 1 | |
| Staff of Teleportation | 1 | |
| Boots of Speed | 1 | |
| Periapt of Vitality | 1 | |
| Dust of Appearance | 1 | |
| Potion of Lesser Invulnerability | 1 | |
| Potion of Invisibility | 1 | |
| Circlet of Nobility | 1 | |
| Scroll of Healing | 1 | |
| Scroll of Protection | 1 | |
| Scroll of Town Portal | 4 | |
18 total
team 2 (loser)
l1I1I1l1II1lI1I (
purple | 74 APM | 1602 actions | 21:45)
4 Death Knight
1 Death Coil
2 Unholy Aura
1 Death Pact
» actions
| Assign group hotkey | 31 | |
| Basic commands | 61 | |
| Build / train | 78 | |
| Enter build submenu | 22 | |
| Enter hero's abilities submenu | 4 | |
| Give item / drop item | 1 | |
| Remove unit from queue | 6 | |
| Right click | 495 | |
| Select / deselect | 290 | |
| Select group hotkey | 569 | |
| Use ability | 45 | |
1602 total
» units
| Acolyte | 15 | |
| Ghoul | 24 | |
| Gargoyle | 3 | |
| Obsidian Statue | 3 | |
45 total
» upgrades
| Cannibalize | 1 | |
| Unholy Strength | 3 | |
| Unholy Armor | 2 | |
| Ghoul Frenzy | 1 | |
| Stone Form | 1 | |
| Creature Attack | 1 | |
9 total
» buildings
| Crypt | 3 | |
| Altar of Darkness | 1 | |
| Ziggurat | 8 | |
| Tomb of Relics | 1 | |
| Necropolis | 1 | |
| Graveyard | 1 | |
| Halls of the Dead | 1 | |
| Nerubian Tower | 2 | |
| Spirit Tower | 3 | |
| Sacrificial Pit | 1 | |
| Slaughterhouse | 1 | |
| Black Citadel | 1 | |
24 total
» build order
00:19 Crypt
00:22 Altar of Darkness
00:29 Ziggurat
01:18 Ziggurat
01:28 Ziggurat
01:33 Tomb of Relics
04:19 Necropolis
04:50 Graveyard
05:45 Ziggurat
05:49 Ziggurat
05:55 Halls of the Dead
05:57 Nerubian Tower
06:11 Crypt
07:03 Spirit Tower
07:40 Ziggurat
07:52 Spirit Tower
08:16 Crypt
08:36 Spirit Tower
11:06 Sacrificial Pit
11:08 Slaughterhouse
12:05 Black Citadel
12:59 Ziggurat
14:10 Nerubian Tower
15:48 Ziggurat
» items
| Rod of Necromancy | 1 | |
| Scroll of Protection | 1 | |
| Orb of Lightning | 1 | |
| Potion of Healing | 2 | |
| Scroll of Town Portal | 1 | |
6 total
FLIPAT00 (
blue | 44 APM | 1224 actions | 28:05)
5 Archmage
3 Summon Water Elemental
2 Brilliance Aura
» actions
| Assign group hotkey | 18 | |
| Build / train | 95 | |
| Enter build submenu | 29 | |
| Enter hero's abilities submenu | 5 | |
| Remove unit from queue | 1 | |
| Right click | 418 | |
| Select / deselect | 356 | |
| Select group hotkey | 206 | |
| Use ability | 96 | |
1224 total
» units
| Peasant | 20 | |
| Footman | 7 | |
| Giant Sea Turtle | 1 | |
| Mur'gul Snarecaster | 1 | |
| Makrura Snapper | 1 | |
| Dragonhawk Rider | 4 | |
| Knight | 8 | |
| Siege Engine | 11 | |
53 total
» upgrades
| Gunpowder | 3 | |
| Armor | 2 | |
| Lumber Harvesting | 2 | |
| Defend | 1 | |
| Swords | 3 | |
| Animal War Training | 2 | |
| Storm Hammers | 2 | |
| Masonry | 1 | |
| Cloud | 1 | |
| Barrage | 1 | |
| Plating | 1 | |
19 total
» buildings
| Farm | 12 | |
| Barracks | 1 | |
| Altar of Kings | 1 | |
| Town Hall | 1 | |
| Lumber Mill | 1 | |
| Keep | 1 | |
| Blacksmith | 1 | |
| Arcane Vault | 2 | |
| Scout Tower | 9 | |
| Guard Tower | 3 | |
| Castle | 1 | |
| Gryphon Aviary | 4 | |
| Workshop | 6 | |
43 total
» build order
00:34 Farm
00:40 Barracks
01:06 Farm
01:27 Altar of Kings
02:14 Farm
02:17 Farm
03:04 Farm
04:40 Town Hall
05:11 Lumber Mill
05:59 Keep
06:05 Blacksmith
06:14 Arcane Vault
06:54 Scout Tower
06:55 Scout Tower
06:56 Scout Tower
06:57 Scout Tower
06:59 Scout Tower
07:56 Guard Tower
08:01 Farm
08:02 Farm
08:03 Farm
08:04 Farm
08:05 Farm
08:08 Farm
08:08 Farm
09:48 Scout Tower
09:48 Scout Tower
09:52 Scout Tower
09:52 Scout Tower
09:58 Castle
10:13 Gryphon Aviary
10:17 Gryphon Aviary
10:20 Gryphon Aviary
10:21 Gryphon Aviary
10:53 Guard Tower
11:46 Arcane Vault
12:22 Guard Tower
18:22 Workshop
18:24 Workshop
18:27 Workshop
18:28 Workshop
18:29 Workshop
19:03 Workshop
» items
| Boots of Speed | 1 | |
| Periapt of Vitality | 1 | |
| Scroll of Healing | 2 | |
| Scroll of Regeneration | 2 | |
| Scroll of Town Portal | 3 | |
| Potion of Healing | 2 | |
11 total

»
EnjoyAbslt (
green | 48 APM | 916 actions | 19:03)
5 Mountain King
3 Storm Bolt
2 Bash
» actions
| Assign group hotkey | 16 | |
| Basic commands | 9 | |
| Build / train | 50 | |
| Enter build submenu | 24 | |
| Enter hero's abilities submenu | 5 | |
| Give item / drop item | 1 | |
| Right click | 437 | |
| Select / deselect | 194 | |
| Select group hotkey | 116 | |
| Use ability | 64 | |
916 total
» units
| Peasant | 8 | |
| Rifleman | 8 | |
| Dragonhawk Rider | 10 | |
| Gryphon Rider | 4 | |
30 total
» upgrades
| Gunpowder | 1 | |
| Long Rifles | 1 | |
| Swords | 1 | |
| Plating | 1 | |
4 total
» buildings
| Altar of Kings | 1 | |
| Blacksmith | 1 | |
| Farm | 14 | |
| Barracks | 1 | |
| Scout Tower | 4 | |
| Arcane Tower | 1 | |
| Lumber Mill | 1 | |
| Keep | 1 | |
| Arcane Vault | 1 | |
| Town Hall | 2 | |
| Gryphon Aviary | 2 | |
| Castle | 1 | |
| Guard Tower | 1 | |
31 total
» build order
00:17 Altar of Kings
00:25 Blacksmith
00:46 Farm
01:51 Barracks
01:57 Farm
02:27 Scout Tower
02:48 Farm
02:58 Arcane Tower
03:10 Farm
04:06 Lumber Mill
04:23 Farm
05:42 Keep
05:47 Arcane Vault
06:14 Farm
07:56 Town Hall
08:04 Gryphon Aviary
08:06 Gryphon Aviary
08:11 Farm
08:12 Farm
08:14 Farm
10:17 Scout Tower
10:18 Scout Tower
10:20 Scout Tower
11:26 Town Hall
14:58 Farm
15:24 Farm
15:33 Farm
15:34 Farm
15:45 Castle
17:02 Farm
17:04 Guard Tower
» items
| Scroll of Regeneration | 3 | |
| Lesser Clarity Potion | 1 | |
| Scroll of Town Portal | 1 | |
| Scroll of Speed | 1 | |
6 total

»
sarahLOL (
red | 63 APM | 1788 actions | 28:11)
6 Blademaster
3 Critical Strike
2 Wind Walk
1 Bladestorm
» actions
| Assign group hotkey | 79 | |
| Basic commands | 24 | |
| Build / train | 75 | |
| Enter build submenu | 18 | |
| Enter hero's abilities submenu | 6 | |
| Give item / drop item | 1 | |
| Remove unit from queue | 1 | |
| Right click | 883 | |
| Select / deselect | 326 | |
| Select group hotkey | 297 | |
| Use ability | 78 | |
1788 total
» units
| Peon | 19 | |
| Troll Batrider | 24 | |
| Abomination | 2 | |
| Raider | 4 | |
49 total
» upgrades
| Ranged Weapons | 3 | |
| Liquid Fire | 1 | |
| Ensnare | 1 | |
| Melee Weapons | 1 | |
6 total
» buildings
| Orc Burrow | 6 | |
| Altar of Storms | 1 | |
| Voodoo Lounge | 1 | |
| Stronghold | 3 | |
| War Mill | 1 | |
| Beastiary | 3 | |
| Fortress | 1 | |
| Great Hall | 1 | |
17 total
» build order
00:12 Orc Burrow
01:11 Altar of Storms
01:37 Voodoo Lounge
02:14 Stronghold
02:14 Stronghold
02:26 War Mill
02:33 Orc Burrow
03:33 Orc Burrow
05:00 Beastiary
05:02 Beastiary
05:34 Fortress
06:59 Orc Burrow
08:10 Orc Burrow
08:51 Beastiary
09:01 Orc Burrow
25:17 Great Hall
» items
| Healing Salve | 1 | |
| Tiny Great Hall | 2 | |
| Orb of Lightning | 2 | |
| Scroll of Town Portal | 2 | |
| Potion of Mana | 1 | |
8 total
Chat log
(00:07 / All) GodLovesYou: God loves you all ever so much
(00:11 / Allies) anthoni: plan?
(00:13 / All) EnjoyAbslt: see ya
(00:19 / Allies) anthoni: me chamans to taurens
(00:26 / All) GodLovesYou: so when you all die by my hand, I am doing God's work
(00:33 / All) GodLovesYou: I am sending you to your maker
(00:40 / All) EnjoyAbslt: one of those crazies
(00:46 / All) iWannaGAGOOfast: hyahahahahaha
(01:08 / All) GodLovesYou: I will use your remains to fertilize my lawn, because I do not believe in wasting good human flesh
(01:18 / All) EnjoyAbslt: nm just a child
(01:39 / All) DreadKnight187: its funny when they show up in there brooks brothers white dress shirts and suspenders riding a bike to bible thump around my t
(01:40 / Allies) iWannaGAGOOfast: oj are you fast techin to wyverns dude?
(01:43 / All) DreadKnight187: my town
(01:52 / Allies) GodLovesYou: Yeah that's why I have a barracks
(02:11 / Allies) iWannaGAGOOfast: just wondering is all
(02:59 / Allies) GodLovesYou: we have two straight techers, teal
(03:10 / Allies) iWannaGAGOOfast: wow........fuck me
(03:19 / Allies) GodLovesYou: it's usually a good plan to skip tier 1 altogether
(03:27 / Allies) GodLovesYou: usually works out splendid
(03:37 / Allies) iWannaGAGOOfast: if you'r orc and not on edge
(04:02 / Allies) GodLovesYou: no teal
(04:18 / Allies) iWannaGAGOOfast: u take or me?
(04:20 / Allies) GodLovesYou: me
(04:29 / Allies) DreadKnight187: go away pink
(04:30 / Allies) DreadKnight187: wtf
(04:51 / Allies) anthoni: ywellow?
(05:03 / Allies) GodLovesYou: stop yellow jesus
(05:05 / Allies) anthoni: yellow??
(05:07 / Allies) GodLovesYou: you made your point don't be a faggot
(05:12 / Allies) GodLovesYou: straight teching clown
(05:26 / Allies) GodLovesYou: oh no he leeched some of my exp!
(05:34 / Allies) GodLovesYou: kill yellow
(05:39 / Allies) GodLovesYou: kill yellow or we lose
(05:54 / Allies) GodLovesYou: he's a fucking baby
(06:10 / Allies) GodLovesYou: 3v4
(06:17 / All) DreadKnight187: rush 3v4\
(06:34 / Allies) iWannaGAGOOfast: YELLOW YOU FUCKING IDIOT STOP
(06:42 / Allies) GodLovesYou: You're a faggot man
(06:42 / Allies) DreadKnight187: ojs fault
(06:46 / Allies) GodLovesYou: you're probably insufferable in real life
(06:48 / Allies) DreadKnight187: i was just gonnnakill bmer
(06:50 / Allies) DreadKnight187: ponce
(07:05 / Allies) GodLovesYou: you just have just attacked until he went away but you're a baby pos
(07:07 / All) DreadKnight187: 2 orcs
(07:12 / All) DreadKnight187: both wyvs
(07:15 / All) DreadKnight187: on ehuman
(07:20 / All) DreadKnight187: foots
(07:22 / All) DreadKnight187: mk
(09:34 / Allies) GodLovesYou: Are you a single child
(09:51 / Allies) GodLovesYou: Oh boohoo he leeched some of my exp
(09:58 / Allies) GodLovesYou: I'd tell you to play solo but you canb't hack it
(11:50 / Allies) iWannaGAGOOfast: go
(12:22 / All) GodLovesYou: fuck
(12:25 / All) GodLovesYou: oh
(13:28 / All) DreadKnight187: bats wyvs choppers
(13:39 / All) DreadKnight187: they all air
(13:47 / Allies) GodLovesYou: We should have just all alt qqed when yellow starting being a hysterical faggot
(16:36 / Allies) iWannaGAGOOfast: wait for them to attack then i tp
(17:26 / Allies) iWannaGAGOOfast: lead them in deeper
(18:05 / Allies) GodLovesYou: heal my bm
(18:40 / Allies) GodLovesYou: bolt
(18:41 / Allies) GodLovesYou: him
(19:00 / Allies) iWannaGAGOOfast: i didnt see i was getting attackd
(19:51 / Allies) GodLovesYou: red is the biggest problem
(19:57 / Allies) GodLovesYou: save your shit
(20:18 / Allies) GodLovesYou: don't waste your shit
(20:20 / Allies) anthoni: back teal
(20:20 / Allies) GodLovesYou: get tanks
(20:22 / Allies) GodLovesYou: transition to tanks
(20:36 / Allies) iWannaGAGOOfast: i am now
(20:48 / Allies) iWannaGAGOOfast: you guys need to get real units like melee
(21:00 / Allies) GodLovesYou: mass tanks
(21:09 / Allies) iWannaGAGOOfast: i am
(21:36 / Allies) GodLovesYou: if I survive I got tauren
(21:52 / Allies) iWannaGAGOOfast: yeah ill survive
(21:58 / Allies) GodLovesYou: me I mean
(22:06 / Allies) iWannaGAGOOfast: k
(22:14 / Allies) iWannaGAGOOfast: well my expos gone so no more gold
(22:46 / Allies) iWannaGAGOOfast: ill get morts too
(23:34 / Allies) iWannaGAGOOfast: pink im hitting with u
(23:43 / Allies) anthoni: ok
(23:49 / Allies) iWannaGAGOOfast: sorry tanks are slow
(23:54 / Allies) anthoni: ok
(24:07 / All) GodLovesYou: I would have TKed if not for yellow
(24:15 / All) GodLovesYou: He is a queer, tehse g uys deserve a win
(24:27 / All) GodLovesYou: Admirable fellows teal and pink
(24:43 / Allies) iWannaGAGOOfast: b morts coming
(28:10 / All) sarahLOL: gg